Description

ZvT early early 5 roach pressure

VOD

https://www.youtube.com/watch?v=ys8PTH2_51M

Replay - 2021-01-01 - (Z)Lambo,(T)A.I. 1 (Medium)

Build Order

Get SALT Encoding   

  12  0:00  Drone  
  13  0:12  Overlord  
  13  0:17  Drone  
  14  0:31  Drone x2  
  16  0:40  Spawning Pool  
  15  0:43  Drone x2  
  17  1:08  Hatchery  
  17  1:10  Drone x2  
  17  1:13  Extractor  
  17  1:27  Zergling x4  
  19  1:33  Roach Warren  
  19  1:39  Drone  
  19  1:46  Queen  
  21  1:54  Overlord  
  21  2:13  Roach x2  
  25  2:20  Roach x2  
  29  2:31  Roach  
  29  2:32  Queen  
  33  2:39  Overlord  
  33  2:45  Drone  
  35  2:52  Ravager  
  39  3:07  Overlord  
  42  3:23  Overlord  
  43  3:30  Metabolic Boost  
  50  4:00  Hatchery  
  50  4:09  Queen  
  51  4:16  Extractor  
  57  4:31  Queen  
  65  4:50  Zergling x8  
  68  4:57  Lair  
  73  5:12  Queen  
  76  5:18  Evolution Chamber x2  
  76  5:22  Extractor  
  80  5:31  Extractor  
  80  5:49  Zergling x8, Zerg Missile Weapons Level 1, Zerg Ground Armor Level 1  
  85  5:55  Glial Reconstitution  
  89  5:58  Overseer  
  89  6:03  Extractor x2  
  96  6:29  Roach x5  
  112  6:42  Hatchery  
  112  6:43  Ravager  
  122  7:07  Ravager x4  
  156  7:35  Overseer  
  160  7:37  Ravager x2  
  198  8:23  Baneling Nest  
Spawning Tool Build Advisor. Get it on Overwolf

Analysis

Watch the VOD. He explains it well, this way I dont have too. Thank lambo, all credit to him

Go to:

Details

  • Created by: IIEleven11
  • Published on: Mar 06, 2021
  • Modified on: Jan 13, 2022
  • Patch: 4.11.0
  • Difficulty: Medium
Show
View Real Time Build Order
Export as new Build Order

Comments (0)

There are no comments. Be the first!

Create an account to comment!